 Dungeon Crawl Stone Soup version 0.18.1-48-g4cf74bf (webtiles) character file.

259 gotoss the Chiller (level 6, -9/33 HPs)
             Began as a Gargoyle Ice Elementalist on Aug 15, 2016.
             Mangled by an ogre
             ... wielding a +0 giant club
              (19 damage)
             ... on level 4 of the Dungeon.
             The game lasted 00:26:45 (3721 turns).

gotoss the Chiller (Gargoyle Ice Elementalist)      Turns: 3721, Time: 00:26:46

Health: -9/33      AC: 11    Str: 12    XL:     6   Next: 17%
Magic:  7/11       EV:  9    Int: 17    God:
Gold:   213        SH:  0    Dex: 10    Spells: 2 memorised, 9 levels left

rFire  + . .     SeeInvis .     e - +0 short sword
rCold  . . .     Gourm    .     m - +1 scale mail {rF+}
rNeg   + . .     Faith    .     (no shield)
rPois  ∞         Spirit   .     (no helmet)
rElec  +         Dismiss  .     (no cloak)
rCorr  .         Reflect  .     (no gloves)
SustAt .         Harm     .     (no boots)
MR     .....                    (no amulet)
Stlth  ..........               (no ring)
                                (no ring)

@: very slightly contaminated, not resistant to hostile enchantments, extremely
unstealthy
A: negative energy resistance 1, electricity resistance, unbreathing,
petrification resistance, rot immunity, AC +4
a: no special abilities


You were on level 4 of the Dungeon.
You were not hungry.

You visited 1 branch of the dungeon, and saw 4 of its levels.

You collected 213 gold pieces.

Inventory:

Hand Weapons
 e - a +0 short sword (weapon)
Armour
 a - a +0 robe
 m - a +1 scale mail of fire resistance (worn)
Jewellery
 t - an uncursed ring of ice {unknown}
 w - an uncursed ring of positive energy {unknown}
Scrolls
 d - a scroll of random uselessness {unknown}
 h - a scroll of enchant weapon {unknown}
 k - 3 scrolls of identify {unknown}
 q - 3 scrolls of remove curse {unknown}
Potions
 c - a potion of degeneration {unknown}
 j - a potion of brilliance {unknown}
 l - a potion of lignification {unknown}
 o - 2 potions of flight {unknown}
 r - a potion of haste {unknown}
 s - a potion of ambrosia {unknown}
 v - a potion of magic {unknown}
Books
 b - a book of Frost

   Spells                             Type                      Level
   a - Freeze                         Ice                          1
   b - Throw Frost                    Conjuration/Ice              2
   c - Ozocubu's Armour               Charms/Ice                   3
   d - Throw Icicle                   Conjuration/Ice              4
   e - Summon Ice Beast               Ice/Summoning                4
Comestibles
 f - 7 fruits
 g - 2 beef jerkies
 i - a slice of pizza
 p - a royal jelly
 u - a bread ration


   Skills:
 - Level 0.4 Fighting
 - Level 0.2 Armour
 - Level 2.0 Dodging
 - Level 2.1 Stealth
 + Level 3.6 Spellcasting
 * Level 1.7 Conjurations
 * Level 5.2 Ice Magic


You had 9 spell levels left.
You knew the following spells:

 Your Spells              Type           Power        Failure   Level  Hunger
a - Freeze                Ice            ###.         12%         1    None
b - Throw Frost           Conj/Ice       ##....       38%         2    ##.....


Dungeon Overview and Level Annotations

Branches:
Dungeon (4/15)
 Temple: D:4-7

Altars:
Gozag


Innate Abilities, Weirdness & Mutations

You are resistant to torment.
Your stone body is resilient (AC +4).
You are immune to poison.
You resist negative energy.
You are resistant to electric shocks.
You can survive without breathing.
You are immune to petrification.
You are immune to rotting.


Message History

The ogre is moderately wounded.
Casting: Freeze
Confirm with . or Enter, or press ? or * to list all spells.
Aiming: Freeze
Press: ? - help, Shift-Dir - straight line, f/p - ogre
Aim: an ogre, wielding a giant club (moderately wounded)
You freeze the ogre.
The ogre is heavily wounded.
The ogre hits you with a giant club!!
Ouch! That really hurt!
Casting: Freeze
Confirm with . or Enter, or press ? or * to list all spells.
Aiming: Freeze
Press: ? - help, Shift-Dir - straight line, f/p - ogre
Aim: an ogre, wielding a giant club (heavily wounded)
You miscast Freeze.
You are very lightly contaminated with residual magic.
Nothing appears to happen.
The ogre hits you with a giant club!!
Ouch! That really hurt!
You die...

######## #.#......# #......#
#......###
#......##########......#
#......#..........#...##
#......#.###..#####...##
#......#.###..##.......##
.........##...##.###....####
#......####..###.#
#.......####
...............#@#
#.....#>...#
.#######.......#O#
#.....#..#.#
..............<#.#
###'#.#..#.#
.....###......##..
#.#.#..#.# .....#
#......#### #.#.#..#.###
>....# ######## #.#.#.......
.##### #.#.#.#####. .#####
#.#.#.# #. .....# #.#.#.# #.


You could see an ogre.

Vanquished Creatures
  A giant frog (D:4)
  A howler monkey (D:4)
  A hound (D:4)
  A howler monkey skeleton (D:4)
  4 adders
  2 oozes
  2 worms (D:3)
  3 dart slugs
  A giant gecko (D:4)
  2 giant cockroaches
  3 goblins
  3 hobgoblins
  14 jackals
  3 kobolds
  3 quokkas
  4 bats
  4 giant newts
  11 rats
63 creatures vanquished.

Notes
Turn   | Place    | Note
--------------------------------------------------------------
     0 | D:1      | gotoss the Gargoyle Ice Elementalist began the quest for the Orb.
     0 | D:1      | Reached XP level 1. HP: 10/10 MP: 3/3
   345 | D:1      | Reached XP level 2. HP: 10/15 MP: 3/5
   368 | D:1      | Learned a level 2 spell: Throw Frost
  1362 | D:2      | Reached XP level 3. HP: 19/19 MP: 2/6
  1790 | D:2      | Reached skill level 4 in Ice Magic
  1818 | D:2      | Reached XP level 4. HP: 24/24 MP: 1/7
  3241 | D:3      | Reached XP level 5. HP: 28/28 MP: 7/9
  3460 | D:4      | Found an opulent altar of Gozag.
  3483 | D:4      | Reached skill level 5 in Ice Magic
  3483 | D:4      | Reached XP level 6. HP: 24/33 MP: 5/11
  3721 | D:4      | Mangled by an ogre

Skill      XL: |  1  2  3  4  5 |
---------------+----------------+-----
Dodging        | 2 |  2.0
Ice Magic      | 4 5 |  5.2
Spellcasting   | 3 |  3.6
Fighting       | |  0.4
Armour         | |  0.2
Stealth        | |  2.1
Conjurations   | |  1.7

Action                   |  1- 3 |  4- 6 || total
-------------------------+-------+-------++-------
Melee: Short sword       |    26 |    44 ||    70
 Cast: Freeze            |    41 |    64 ||   105
       Throw Frost       |     6 |     4 ||    10
  Eat: Bread ration      |     1 |       ||     1
       Chunk             |       |     6 ||     6
Armor: Robe              |    30 |       ||    30
       Scale mail        |     3 |    72 ||    75
Dodge: Dodged            |    54 |    67 ||   121
